 Dungeon Sprint DCSS version 0.31-a0-851-g7ff8af7976 (webtiles) character file.

Game seed: 14877673488575692584

522 sircluck the Grappler (level 7, -7/118 HPs)
             Began as a Troll Berserker on Oct 5, 2023.
             Was a Believer of Trog.
             Mangled by a sixfirhy (12 damage)
             ... summoned by a kobold demonologist
             ... in the Dungeon (Sprint I: "Red Sonja").
             The game lasted 00:00:30 (168 turns).

sircluck the Grappler (Troll Berserker)              Turns: 168, Time: 00:00:30

Health: -7/118     AC:  4    Str: 28    XL:     7   Next: 1%
Magic:  6/6        EV: 11    Int:  3    God:    Trog [**....]
Gold:   270        SH:  0    Dex:  9    Spells: 6/6 levels left

rFire   . .          .
                       - Unarmed
rCold   . . .        (no shield)
rNeg    . . .        a - +0 animal skin
rPois   .            (helmet restricted)
rElec   .            (no cloak)
rCorr   .            (gloves unavailable)
SInv    .            (boots unavailable)
Will    .....        (no amulet) Stlth
                     (no ring)
HPRegen 1.19/turn    (no ring)
MPRegen 0.10/turn

%: no teleportation
@: berserking (expiring), very quick
A: large, unfitting armour, claws 3, regeneration 1, shaggy fur 1, tough skin 1
a: Renounce Religion, Berserk, Trog's Hand


You were in the Dungeon.
You worshipped Trog.
Trog was pleased with you.
You visited 1 branch You collected 270 gold pieces.

Inventory:

Armour
 a - a +0 animal skin (worn)
Wands
 h - a wand of polymorph (12)
Scrolls
 g - a scroll of blinking
Potions
 b - a potion of curing
 c - a potion of heal wounds
 d - a potion of haste
 e - 2 potions of magic
 f - a potion of berserk rage


   Skills:
 + Level 7.8 Fighting
 + Level 7.7 Dodging
 + Level 9.2 Unarmed Combat


You had 6 spell levels left.
You didn't know any spells.
Your spell library was empty.

Dungeon Overview and Level Annotations

Branches:
Dungeon (1/1)

Altars:
Makhleb
Xom
Jiyva
Lugonu


Innate Abilities, Weirdness & Mutations

You are too large for most types of armour.
You have claws for hands.
Your natural rate of healing is unusually fast.
You are covered in fur. (AC +1)
You have tough skin. (AC +1)


Message History

The kobold demonologist mumbles some strange words.
A kobold demonologist comes into view. It is wielding a +0 dagger.
The kobold demonologist shouts!
The sixfirhy hits you! The sixfirhy shocks you!
The floating eye's view fixates on you.
There is an open door here.
A red film seems to cover your vision as you go berserk!
You feel yourself moving faster!
You feel mighty!
The floating eye gazes piercingly through you!
You suddenly lose the ability to move!
The sixfirhy hits you. The sixfirhy shocks you!
The floating eye seems to glare at you.
The kobold demonologist gestures wildly while chanting.
You can move again.
Unknown command.
Unknown command.
Unknown command.
You mangle the floating eye!!
You kill the floating eye!
Trog accepts your kill. The sixfirhy hits you. The sixfirhy shocks you!
The sixfirhy barely misses you.
Your Unarmed Combat skill increases to level 9!
You have reached level 7!
Unknown command.
Unknown command.
The sixfirhy hits you but does no damage.
The sixfirhy hits you! The sixfirhy shocks you! The sixfirhy hits you.
The sixfirhy shocks you!
* * * LOW HITPOINT WARNING * * *
The kobold demonologist closely misses you.
You claw the kobold demonologist!
The kobold demonologist is moderately wounded.
The sixfirhy hits you!
* * * LOW HITPOINT WARNING * * *
The sixfirhy shocks you!
* * * LOW HITPOINT WARNING * * *
The sixfirhy hits you.
* * * LOW HITPOINT WARNING * * *
The sixfirhy shocks you!
You die...

####################
)..#..'..#__#..'@K3#
#..').#..'..'..#3K.#
##'#####+#__####...+
#..# #### ##### ####


You could see 2 kobold demonologists, a sixfirhy (summoned) and a neqoxec
(summoned).

Vanquished Creatures
  Sigmund (D)
  A slime creature (D)
  A floating eye (D)
  An ogre (D)
  Ijyb (D)
5 creatures vanquished.

Notes
Turn   | Place    | Note
-------+----------+-------------------------------------------
     0 | D        | sircluck the Troll Berserker began the quest for the Orb.
     0 | D        | Reached XP level 1. HP: 22/22 MP: 0/0
     2 | D        | Noticed Ijyb
     7 | D        | Killed Ijyb
     8 | D        | Reached skill level 4 in Unarmed Combat
     8 | D        | Reached XP level 2. HP: 31/31 MP: 1/1
    39 | D        | Noticed an ogre
    44 | D        | Killed an ogre
    45 | D        | Reached skill level 5 in Fighting
    45 | D        | Reached skill level 5 in Dodging
    45 | D        | Reached skill level 6 in Unarmed Combat
    45 | D        | Reached XP level 3. HP: 17/42 MP: 2/2
    45 | D        | Reached XP level 4. HP: 20/50 MP: 3/3
    84 | D        | Noticed Sigmund
    92 | D        | Killed Sigmund
    92 | D        | Reached ** piety under Trog
    93 | D        | Reached skill level 7 in Unarmed Combat
    93 | D        | Reached XP level 5. HP: 58/61 MP: 4/4
    93 | D        | Reached XP level 6. HP: 65/68 MP: 5/5
   107 | D        | Found a burning altar of Makhleb.
   107 | D        | Found a viscous altar of Jiyva.
   107 | D        | Found a shimmering altar of Xom.
   107 | D        | Found a corrupted altar of Lugonu.
   107 | D        | Noticed a slime creature
   112 | D        | Killed a slime creature
   113 | D        | Reached skill level 8 in Unarmed Combat
   162 | D        | Noticed a kobold demonologist
   162 | D        | Noticed a floating eye
   162 | D        | Noticed a kobold demonologist
   163 | D        | Noticed a sixfirhy
   164 | D        | Paralysed by a floating eye for 2 turns
   166 | D        | Noticed a neqoxec
   166 | D        | Killed a floating eye
   167 | D        | Reached skill level 9 in Unarmed Combat
   167 | D        | Reached XP level 7. HP: 59/79 MP: 6/6
   168 | D        | HP: 5/118 [sixfirhy[a kobold demonologist] (6)]
   168 | D        | Mangled by a sixfirhy

Illustrated notes

Levels and vault maps discovered:
D:        dungeon_sprint_1 [red_sonja_temple_1, red_sonja_temple_small_1]

Skill      XL: |  1  2  3  4  5  6 |
---------------+-------------------+-----
Fighting       | 3 5 6 7 |  7.8
Dodging        | 3 5 6 7 |  7.7
Unarmed Combat | 4 6 7 9 |  9.2

Action                     |  1- 3 |  4- 6 |  7- 9 || total
---------------------------+-------+-------+-------++-------
  Melee: Unarmed           |     8 |     7 |     1 ||    16
         Punch             |     1 |     1 |       ||     2
 Invoke: Berserk           |       |     2 |       ||     2
 Armour: Animal skin       |     2 |     6 |     5 ||    13
         Skin              |     1 |       |       ||     1
  Dodge: Dodged            |     1 |     3 |     1 ||     5

Table legend: (Time is in decaauts)
 A = Elapsed time spent in this place.
 B = Non-inter-level travel time spent in this place.
 C = Inter-level travel time spent in this place.
 D = Time resting spent in this place.
 E = Time spent auto-exploring this place.
 F = Levels seen in this place.
 G = Mean time per level.
                   A        B        C        D        E       F      G
               +--------+--------+--------+--------+--------+-----+--------+
         Total |    175 |    175 |      0 |    101 |     11 |   1 |  175.0 |
       Dungeon |    175 |    175 |      0 |    101 |     11 |   1 |  175.0 |
               +--------+--------+--------+--------+--------+-----+--------+

Top non-repeatable levels by time:
       D: 175 daAuts
